 Dungeon Crawl Stone Soup version 0.26.1-11-gd32895ea62 (webtiles) character file.

Game seed: 16044203218712554521

5768 PaiMei the Covert (level 10, -6/44 (51) HPs)
             Began as a Spriggan Venom Mage on June 25, 2021.
             Was a Follower of Ashenzari.
             Mangled by a wight
             ... wielding a +3 great sword
              (15 damage)
             ... on level 9 of the Dungeon.
             The game lasted 00:36:39 (19415 turns).

PaiMei the Covert (Spriggan Venom Mage)            Turns: 19415, Time: 00:36:40

HP:   -6/44 (51)    AC:  7    Str:  4    XL:     10   Next: 49%
MP:   23/23         EV: 24    Int: 19    God:    Ashenzari [*.....]
Gold: 598           SH:  0    Dex: 18    Spells: 13/26 levels left

rFire    . . .     SeeInvis +   D - +3 war axe
rCold    . . .     Faith    .   (shield restricted)
rNeg     . . .     Spirit   .   L - +0 troll leather armour {Purgy}
rPois    .         Reflect  .   (helmet restricted)
rElec    .         Harm     .   I - +2 cloak (curse)
rCorr    .         Rampage  .   (gloves unavailable)
Will     +....                  (boots unavailable)
Stlth    +++++.....             (no amulet)
HPRegen  0.54/turn              M - ring of wizardry (curse)
MPRegen  0.18/turn              (no ring)

@: heavily drained, very quick
A: very small, unfitting armour, see invisible, speed 3
a: Renounce Religion, Curse Item, Scrying


You were on level 9 of the Dungeon.
You worshipped Ashenzari.
Ashenzari was aware of your devotion.
You visited 2 branches of the dungeon, and saw 10 of its levels.
You also visited: Sewer and Ossuary.

You collected 598 gold pieces.

Inventory:

Hand Weapons
 q - a +0 whip of venom
 y - a +0 short sword of holy wrath
 D - a +3 war axe (weapon)
 S - a +1 vorpal hunting sling
 Y - a +2 whip of freezing
Missiles
 b - 410 stones
 d - 162 arrows
 p - 127 bolts
 r - 24 poisoned darts (quivered)
 x - 8 curare-tipped darts
 B - 26 sling bullets
Armour
 v - a +0 hat
 I - a cursed +2 cloak (worn)
 L - a +0 troll leather armour (worn) {Purgy}
Jewellery
 c - an uncursed ring of willpower
 M - a cursed ring of wizardry (left hand)
Wands
 t - a wand of enslavement (29)
 H - a wand of polymorph (7)
 N - a wand of random effects (19)
 O - a wand of acid (8)
 P - a wand of flame (29)
 Q - a wand of paralysis (3)
Scrolls
 e - 4 scrolls of remove curse
 f - 3 scrolls of amnesia {unknown}
 h - 10 scrolls of identify
 l - 5 scrolls of immolation {unknown}
 n - 6 scrolls of teleportation {unknown}
 s - 2 scrolls of enchant weapon {unknown}
 z - a scroll of fog {unknown}
 C - 3 scrolls of blinking {unknown}
 E - a scroll of magic mapping {unknown}
 K - a scroll of fear {unknown}
 T - a scroll of enchant armour {unknown}
 X - a scroll of random uselessness {unknown}
Potions
 g - 2 potions of brilliance {unknown}
 i - 3 potions of flight
 j - 4 potions of heal wounds
 k - a potion of invisibility {unknown}
 m - a potion of magic {unknown}
 o - 4 potions of attraction {unknown}
 u - a potion of might {unknown}
 A - a potion of haste {unknown}
 F - a potion of curing {unknown}
 J - a potion of degeneration {unknown}
 R - a potion of berserk rage {unknown}
 U - 2 potions of cancellation {unknown}
 V - a potion of resistance {unknown}
 W - a potion of lignification {unknown}


   Skills:
 - Level 5.0 Fighting
 - Level 10.4 Dodging
 - Level 11.2 Stealth
 + Level 8.9 Spellcasting
 + Level 0.0 Hexes
 - Level 4.3 Transmutations
 + Level 7.8 Poison Magic


You had 13 spell levels left.
You knew the following spells:

 Your Spells              Type           Power        Failure   Level
a - Sting                 Tmut/Pois      100%         1%          1
b - Poisonous Vapours     Pois/Air       46%          1%          2
c - Ignite Poison         Fire/Tmut/Pois 23%          3%          3
d - Mephitic Cloud        Conj/Pois/Air  18%          6%          3
e - Olgreb's Toxic Radia  Pois           38%          2%          4

Your spell library contained the following spells:

 Spells                   Type           Power        Failure   Level
 Corona                   Hex            8%           6%          1
 Ensorcelled Hibernation  Hex/Ice        16%          9%          2
 Confusing Touch          Hex            8%           17%         3
 Dazzling Flash           Conj/Hex       16%          17%         3
 Tukima's Dance           Hex            8%           17%         3


Dungeon Overview and Level Annotations

Branches:
Dungeon (9/15)             Temple (1/1) D:5           Sewer (visited)
Ossuary (visited)
   Lair: D:8-11         Orc: D:9-12

Altars:
Ashenzari
Cheibriados
Dithmenos
Elyvilon
Fedhas
Gozag
Hepliaklqana
Kikubaaqudgha
Makhleb
Nemelex Xobeh
Okawaru
Qazlal
Ru
Sif Muna
Trog
Uskayaw
Vehumet
Wu Jian
Xom
Yredelemnul
Zin
The Shining One
Lugonu

Annotations:
D:8 1 runed translucent door, PaiMei's ghost, novice DrCj
D:9 2 runed translucent doors


Innate Abilities, Weirdness & Mutations

You are very small and have problems with some larger weapons.
You are too small for most types of armour.
You have supernaturally acute eyesight. (SInv)
You cover ground extremely quickly.


Message History

The wight is severely damaged.
The wight misses you.
The wight hits you with a +3 great sword!
You feel drained.
You barely miss the wight.
The wight is severely damaged.
The wight hits you with a +3 great sword!
* * * LOW HITPOINT WARNING * * *
You feel drained.
* * * LOW HITPOINT WARNING * * *
You hit the wight but do no damage.
The wight is severely damaged.
The wight barely misses you.
You closely miss the wight.
The wight is severely damaged.
The wight misses you.
You closely miss the wight.
The wight is severely damaged.
The wight hits you with a +3 great sword!
You die...

##.# ###...# #..# ####.##
###..# # ###..'..# .....#
##. ###..###..# .....#
#.###..###...†. .....#
#.#..###....... ####.#
###..###...#####. #.#
+#[.###...### #. ####.#.#
#@.##...### #. .....#.#
#.z###...##########.
.....#..
#..###................
###..#z#
#..###..................
#.#.#..###...#.#############
#.#..###...#...#
####.'###.....###.########
..zz......................
..........................


You could see a wight.

Vanquished Creatures
  Harold (D:8)
  A two-headed ogre (D:8)
  Pikel (D:8)
  Maurice (D:8)
  Maggie (D:8)
  Eustachio (D:5)
  Purgy (Sewer)
  2 orc warriors
  2 black bears (D:7)
  2 phantoms (D:8)
  5 sky beasts
  A necrophage (D:6)
  2 ogres
  A lemure (D:8)
  2 centaurs
  Blork the orc (D:5)
  2 bullfrogs
  2 big kobolds (D:9)
  A scorpion (D:5)
  5 killer bees (D:9)
  A howler monkey (D:5)
  A bullfrog zombie (D:8)
  5 hounds
  A quasit (D:8)
  A gnoll shaman (D:4)
  4 orc priests (D:4)
  3 iguanas
  4 orc wizards
  9 worker ants
  A mummy (D:5)
  8 adders
  6 gnolls
  2 shadow imps
  A white imp (D:9)
  3 ufetubi (D:7)
  4 oozes
  2 adder skeletons
  3 worms
  A dart slug (D:4)
  4 leopard geckos
  28 orcs
  4 ball pythons
  4 bats
  7 giant cockroaches
  A gnoll zombie (Ossuary)
  4 goblins
  3 hobgoblins
  15 jackals
  16 kobolds
  5 quokkas
  3 frilled lizards
  A goblin zombie (D:5)
  A hobgoblin zombie (Ossuary)
  3 kobold zombies
  An orc zombie (Ossuary)
  10 rats
205 creatures vanquished.

Notes
Turn   | Place    | Note
-------+----------+-------------------------------------------
     0 | D:1      | PaiMei the Spriggan Venom Mage began the quest for the Orb.
     0 | D:1      | Reached XP level 1. HP: 9/9 MP: 5/5
   916 | D:1      | Reached XP level 2. HP: 9/13 MP: 2/6
   919 | D:1      | Learned a level 2 spell: Poisonous Vapours
  2030 | D:2      | Reached XP level 3. HP: 15/16 MP: 4/8
  2589 | D:2      | Found a shadowy altar of Dithmenos.
  2636 | D:2      | Found an opulent altar of Gozag.
  2703 | D:3      | Found a sparkling altar of Nemelex Xobeh.
  3178 | D:3      | Reached skill level 4 in Stealth
  3178 | D:3      | Reached XP level 4. HP: 21/21 MP: 0/10
  3447 | D:3      | Found a shimmering altar of Xom.
  4204 | D:3      | Found a shimmering altar of Xom.
  4204 | D:3      | Found a shimmering altar of Xom.
  4209 | D:3      | Reached XP level 5. HP: 24/24 MP: 9/11
  4529 | D:3      | Found a glowing golden altar of the Shining One.
  4551 | D:3      | Found a glowing silver altar of Zin.
  4994 | D:3      | Found a sacrificial altar of Ru.
  4999 | D:3      | Learned a level 3 spell: Ignite Poison
  5003 | D:3      | Learned a level 3 spell: Mephitic Cloud
  5498 | D:4      | Reached skill level 5 in Stealth
  5864 | D:4      | Reached XP level 6. HP: 28/28 MP: 3/13
  5965 | D:4      | Found a stormy altar of Qazlal.
  5991 | D:4      | Reached skill level 5 in Dodging
  6357 | D:4      | Noticed a slime creature
  7625 | D:4      | Reached skill level 6 in Stealth
  7625 | D:4      | Reached XP level 7. HP: 32/32 MP: 10/15
  8432 | D:5      | Entered Level 5 of the Dungeon
  8463 | D:5      | Found a sand-covered staircase.
  8468 | D:5      | Noticed Eustachio
  8480 | D:5      | Killed Eustachio
  8481 | D:5      | Reached skill level 1 in Fighting
  8481 | D:5      | Reached skill level 5 in Spellcasting
  8786 | Ossuary  | Entered an ossuary
  9180 | D:5      | Found a staircase to the Ecumenical Temple.
  9188 | Temple   | Entered the Ecumenical Temple
  9226 | Temple   | Became a worshipper of Ashenzari the Shackled
 10056 | D:5      | Noticed Blork the orc
 10074 | D:5      | Killed Blork the orc
 10398 | D:5      | Learned a level 4 spell: Olgreb's Toxic Radiance
 10683 | D:6      | Found an ornate altar of the Wu Jian Council.
 10752 | D:6      | Reached skill level 7 in Stealth
 10752 | D:6      | Reached skill level 5 in Poison Magic
 10779 | D:6      | Found a snail-covered altar of Cheibriados.
 10959 | D:6      | Reached XP level 8. HP: 22/38 MP: 9/17
 11297 | D:6      | Found a glowing drain.
 11316 | Sewer    | Entered a sewer
 11505 | Sewer    | Noticed Purgy
 11523 | Sewer    | Killed Purgy
 12746 | D:6      | Found an iron altar of Okawaru.
 13201 | D:6      | Found a bloodstained altar of Trog.
 13201 | D:6      | Found an iron altar of Okawaru.
 13669 | D:7      | Reached skill level 8 in Stealth
 14582 | D:7      | Found a bloodstained altar of Trog.
 15108 | D:7      | Found a shimmering blue altar of Sif Muna.
 15571 | D:8      | Noticed Maggie
 15584 | D:8      | Killed Maggie
 15585 | D:8      | Reached skill level 9 in Stealth
 15585 | D:8      | Reached XP level 9. HP: 33/44 MP: 5/20
 15715 | D:8      | Found a runed translucent door.
 16253 | D:8      | Noticed Harold
 16270 | D:8      | Killed Harold
 16523 | D:8      | Found a burning altar of Makhleb.
 17207 | D:8      | Noticed Pikel
 17238 | D:8      | Reached skill level 10 in Stealth
 17276 | D:8      | Killed Pikel
 17471 | D:8      | Reached XP level 10. HP: 33/51 MP: 6/23
 17694 | D:8      | Noticed Maurice
 17708 | D:8      | Killed Maurice
 17902 | D:8      | Found a radiant altar of Vehumet.
 18120 | D:8      | Noticed PaiMei's ghost (novice DrCj)
 18143 | D:9      | Noticed a two-headed ogre
 18547 | D:8      | Killed a two-headed ogre
 18548 | D:8      | Reached skill level 10 in Dodging
 18713 | D:9      | Reached skill level 11 in Stealth
 18876 | D:9      | Found a blossoming altar of Fedhas.
 19105 | D:9      | Reached * piety under Ashenzari
 19149 | D:9      | Reached skill level 5 in Fighting
 19351 | D:9      | Found a runed translucent door.
 19354 | D:9      | Found a runed translucent door.
 19354 | D:9      | Noticed a black mamba
 19354 | D:9      | Noticed a wizard
 19415 | D:9      | Mangled by a wight

Illustrated notes

Levels and vault maps discovered:
D:1:      dpeg_arrival_rooms_c, layout_loops_ring
D:2:      layout_rooms, marbit_many_paths,
          nicolae_gozag_cash_rules_everything_around_me
D:3:      layout_basic, zin_treasury, nicolae_overflow_crystal_walls,
          overflow_temple_1_default, nicolae_ru_the_path_less_chosen,
          lemuel_round_altar, xom_redecorated
D:4:      layout_loops_corners, general_overflow_altar, minmay_small_thing
D:5:      layout_loops_ring, minmay_temple_entry_drinking_statues,
          nicolae_ossuary_entry_giza, uniq_blork_the_orc, uniq_eustachio
D:6:      minmay_klotski, layout_basic, grunt_temple_overflow_bloody_war,
          old_standard_altar, lemuel_crystal_altar, portal_sewer_entry_e,
          basic_altar
D:7:      layout_gridville, led_sif_book, hangedman_decor_opposing,
          trog_ov_bears_minmay
D:8:      layout_loops_corners, lemuel_coloured_pillars_altar,
          gammafunk_ghost_grave, makhleb_heckhound_becter, uniq_maggie,
          uniq_maurice, uniq_harold, uniq_pikel
D:9:      minmay_the_grid_triangle_9x9_recursive_2
          [minmay_the_grid_triangle_9x9_prize_top_heavy,
          minmay_the_grid_triangle_9x9_tough_junction,
          minmay_the_grid_triangle_9x9_cache,
          minmay_the_grid_triangle_9x9_longest], layout_long_grid,
          fedhas_altar_2
Temple:   corrupted_temple

Skill      XL: |  1  2  3  4  5  6  7  8  9 10 |
---------------+-------------------------------+-----
Spellcasting   | 3 4 5 7 8 |  8.9
Transmutations | 2 3 4 |  4.3
Stealth        | 4 5 6 7 9 10 11 | 11.2
Dodging        | 4 5 6 8 9 10 | 10.4
Poison Magic   | 4 5 6 7 |  7.8
Fighting       | 1 3 4 5 |  5.0

Action                   |  1- 3 |  4- 6 |  7- 9 | 10-12 || total
-------------------------+-------+-------+-------+-------++-------
Melee: Unarmed           |    55 |       |       |       ||    55
       Whip              |    10 |    22 |   387 |     3 ||   422
       War axe           |       |       |       |   138 ||   138
 Cast: Sting             |    30 |     9 |    84 |     2 ||   125
       Poisonous Vapours |    22 |    67 |   150 |    51 ||   290
Invok: Curse Item        |       |       |     2 |       ||     2
  Use: Scroll            |       |       |     2 |       ||     2
 Stab: Sleeping          |     3 |       |     1 |       ||     4
Armor: Robe              |     3 |     3 |    12 |       ||    18
       Troll leather arm |       |       |    50 |    29 ||    79
Dodge: Dodged            |    54 |    30 |   495 |   223 ||   802
